 Dungeon Crawl Stone Soup version 0.29-a0-72-g1732ff48e7 (webtiles) character file.

Game seed: 9319095606143825729

201836 rogsnak the Devastator (level 17, -10/98 (115) HPs)
             Began as a Demonspawn Earth Elementalist on Jan 29, 2022.
             Was a High Priest of Sif Muna.
             Killed from afar by a halazid warlock (62 damage)
             ... with a ghostly fireball
             ... in the Desolation of Salt on Feb 4, 2022.
             The game lasted 03:10:21 (45921 turns).

rogsnak the Devastator (DsEE)                      Turns: 45921, Time: 03:10:21

HP:   -10/98 (115)  AC: 11    Str: 12    XL:     17   Next: 92%
MP:   0/54          EV: 23    Int: 26    God:    Sif Muna [*****.]
Gold: 2341          SH:  5    Dex: 35    Spells: 16/47 levels left

rFire   . . .      SeeInvis .   Q - +8 spear of Gypnus Hech {venom, *Noise rElec MP+9 Dex+5}
rCold   + . .      Faith    .   b - orb {light}
rNeg    . . .      Spirit   +   a - +0 troll leather armour
rPois   +          Reflect  +   (helmet unavailable)
rElec   +          Harm     .   d - +2 cloak {rPois}
rCorr   .          Rampage  .   E - +0 pair of gloves "Conk" {rElec rC+ Will+}
Will    ++...                   M - +1 pair of boots
Stlth   +++.......              F - amulet of reflection
HPRegen 1.06/turn               n - ring "Tugrooso" {EV+4 Int+3 Slay+2}
MPRegen 0.68/turn               Y - ring "Qekocho" {MP+9 Str+3 Dex+9 Slay-4}

@: glowing, studying Shields, heavily drained
A: horns 3, thin skeletal structure 3, spiny 2, magic shield, magic regeneration
}: 1/15 runes: barnacled
a: Renounce Religion, Channel Magic, Forget Spell, Divine Exegesis


You were in the Desolation of Salt.
You worshipped Sif Muna.
Sif Muna was extremely pleased with you.
You visited 7 branches of the dungeon, and saw 31 of its levels.
You visited the Abyss 1 time.
You visited 1 bazaar.
You also visited: Sewer, Bailey, Gauntlet and Desolation.

You collected 4517 gold pieces.
You spent 2176 gold pieces at shops.

Inventory:

Hand Weapons
 p - a +2 morningstar of electrocution
 Q - the +8 spear of Gypnus Hech (weapon) {venom, *Noise rElec MP+9 Dex+5}
   (You found it on level 10 of the Dungeon)

   It poisons the flesh of those it strikes.
   Dex:       It affects your dexterity (+5).
   rElec:     It insulates you from electricity.
   MP:        It affects your magic capacity (+9).
   *Noise:    It may make noises in combat.
 X - a +0 demon trident of freezing
Armour
 a - a +0 troll leather armour (worn)
 b - an orb of light (worn)
 d - a +2 cloak of poison resistance (worn)
 D - a scarf of resistance
 E - the +0 pair of gloves "Conk" (worn) {rElec rC+ Will+}
   (You found it in a Gauntlet)

   rC:        It protects you from cold.
   rElec:     It insulates you from electricity.
   Will:      It increases your willpower.
 M - a +1 pair of boots (worn)
Magical Staves
 H - a staff of conjuration
Jewellery
 i - the ring "Gikilul" {rN+ Str+6}
   (You found it in a Gauntlet)

   [ring of positive energy]

   Str:       It affects your strength (+6).
   rN:        It protects you from negative energy.
 n - the ring "Tugrooso" (left hand) {EV+4 Int+3 Slay+2}
   (You acquired it on level 4 of the Shoals)

   [ring of evasion]

   EV:        It affects your evasion (+4).
   Int:       It affects your intelligence (+3).
   Slay:      It affects your accuracy & damage with ranged weapons and melee
   (+2).
 F - an amulet of reflection (around neck)
 N - a ring of see invisible
 Y - the ring "Qekocho" (right hand) {MP+9 Str+3 Dex+9 Slay-4}
   (You took it off a merfolk on level 4 of the Shoals)

   [ring of magical power]

   Str:       It affects your strength (+3).
   Dex:       It affects your dexterity (+9).
   Slay:      It affects your accuracy & damage with ranged weapons and melee
   (-4).
   MP:        It affects your magic capacity (+9).
Wands
 f - a wand of flame (32)
 s - a wand of mindburst (10)
 B - a wand of charming (10)
 J - a wand of acid (18)
 K - a wand of digging (10)
 U - a wand of iceblast (8)
 Z - a wand of paralysis (9)
Scrolls
 e - a scroll of fear
 h - a scroll of magic mapping
 j - a scroll of brand weapon
 l - 3 scrolls of blinking
 o - 3 scrolls of fog
 u - 11 scrolls of teleportation
 y - 3 scrolls of summoning
Potions
 g - 6 potions of haste
 k - 7 potions of magic
 m - a potion of cancellation
 q - 6 potions of might
 r - 6 potions of heal wounds
 v - 5 potions of brilliance
 w - 11 potions of curing
 A - a potion of resistance
 I - 2 potions of berserk rage
 O - 3 potions of ambrosia
 P - 2 potions of invisibility
Miscellaneous
 G - a phantom mirror


   Skills:
 + Level 5.1 Fighting
 + Level 5.9 Armour
 + Level 6.5 Dodging
 - Level 1.7 Stealth
 + Level 2.3 Shields
 + Level 15.5 Spellcasting
 + Level 19.5 Conjurations
 + Level 1.2 Translocations
 - Level 0.8 Transmutations
 + Level 4.2 Fire Magic
 * Level 9.8 Air Magic
 + Level 13.4 Earth Magic


You had 16 spell levels left.
You knew the following spells:

 Your Spells              Type           Power      Damage    Failure   Level
a - Sandblast             Erth           100%       2d20      0%          1
b - Stone Arrow           Conj/Erth      100%       3d13      0%          3
c - Mephitic Cloud        Conj/Pois/Air  63%        N/A       1%          3
d - Sticky Flame          Conj/Fire      69%        2d8       1%          4
e - Freezing Cloud        Conj/Ice/Air   31%        6-21      1%          5
f - Flame Wave            Conj/Fire      69%        2d13      1%          4
g - Iron Shot             Conj/Erth      41%        9d8       1%          6
h - Blink                 Tloc           52%        N/A       3%          2
i - Swiftness             Air            64%        N/A       1%          3

Your spell library contained the following spells:

 Spells                   Type           Power      Damage    Failure   Level
 Magic Dart               Conj           100%       1d8       0%          1
 Shock                    Conj/Air       100%       1d9       0%          1
 Searing Ray              Conj           100%       2d8       0%          2
 Static Discharge         Conj/Air       77%        N/A       0%          2
 Apportation              Tloc           52%        N/A       1%          1
 Foxfire                  Conj/Fire      100%       2x1d9     1%          1
 Passwall                 Tmut/Erth      45%        N/A       1%          2
 Scorch                   Fire           84%        2d9       1%          2
 Conjure Flame            Conj/Fire      69%        6-21      1%          3
 Dazzling Flash           Conj/Hex       100%       N/A       1%          3
 Airstrike                Air            32%        N/A       1%          4
 Animate Armour           Summ/Erth      100%       N/A       1%          4
 Fulminant Prism          Conj/Hex       31%        3d16      1%          4
 Hailstorm                Conj/Ice       63%        3d13      1%          4
 Petrify                  Tmut/Erth      55%        N/A       1%          4
 Fireball                 Conj/Fire      34%        3d14      1%          5
 Irradiate                Conj/Tmut      32%        3d24      1%          5
 Lightning Bolt           Conj/Air       38%        1d57      1%          5
 Conjure Ball Lightning   Conj/Air       38%        3x3d12    1%          6
 Orb of Destruction       Conj           44%        9d12      1%          7
 Beastly Appendage        Tmut           48%        N/A       2%          1
 Sting                    Tmut/Pois      88%        1d7       2%          1
 Wereblood                Tmut           24%        N/A       3%          2
 Call Imp                 Summ           20%        N/A       4%          2
 Sublimation of Blood     Necr           20%        N/A       4%          2
 Ignite Poison            Fire/Tmut/Pois 28%        N/A       4%          3
 Inner Flame              Hex/Fire       31%        N/A       4%          3
 Gell's Gravitas          Tloc           26%        N/A       6%          3
 Lesser Beckoning         Tloc           26%        N/A       6%          3
 Teleport Other           Tloc           26%        N/A       6%          3
 Spider Form              Tmut/Pois      22%        N/A       9%          3
 Call Canine Familiar     Summ           20%        N/A       10%         3
 Tukima's Dance           Hex            20%        N/A       10%         3
 Vampiric Draining        Necr           20%        2d7       10%         3
 Silence                  Hex/Air        22%        N/A       12%         5
 Passage of Golubria      Tloc           26%        N/A       21%         4
 Lehudib's Crystal Spear  Conj/Erth      41%        10d10     26%         8
 Ice Form                 Ice/Tmut       22%        N/A       28%         4
 Animate Dead             Necr           10%        N/A       32%         4
 Cause Fear               Hex            10%        N/A       32%         4
 Dispel Undead            Necr           20%        3d11      32%         4
 Summon Ice Beast         Ice/Summ       20%        N/A       32%         4
 Manifold Assault         Tloc           26%        N/A       50%         5
 Blade Hands              Tmut           12%        N/A       54%         5
 Alistair's Intoxication  Tmut/Pois      14%        N/A       61%         5
 Yara's Violent Unravell  Hex/Tmut       11%        3d6       61%         5
 Simulacrum               Ice/Necr       10%        N/A       99%         6
 Discord                  Hex            10%        N/A       100%        8
 Infestation              Necr           10%        N/A       100%        8
 Necromutation            Tmut/Necr      11%        N/A       100%        8
 Chain Lightning          Conj/Air       38%        3d51      100%        9
 Fire Storm               Conj/Fire      34%        8d9       100%        9


Dungeon Overview and Level Annotations

Branches:
Dungeon (15/15)            Temple (1/1) D:6            Lair (6/6) D:10
 Shoals (4/4) Lair:2       Spider (1/4) Lair:2        Slime (0/5) Lair:5
    Orc (2/2) D:9             Elf (2/3) Orc:2        Vaults (0/5) D:14
 Depths (0/4) D:15          Sewer (visited)          Bailey (visited)
Desolation (1/1)          Gauntlet (visited)

Altars:
Dithmenos
Gozag
Hepliaklqana
Kikubaaqudgha
Makhleb
Okawaru
Qazlal
Sif Muna
Trog
Uskayaw
Vehumet
Wu Jian
Xom
Beogh

Shops:
D:5 *   D:10 ?   Orc:2 (**   Elf:1 :=:

Portals:
Trove: D:10 (show slimy rune of Zot)

Annotations:
D:4 1 runed translucent door, testman's ghost, amateur OgHu


Innate Abilities, Weirdness & Mutations

You have a pair of large horns on your head.
You have an unnaturally thin skeletal structure. (Dex +6, Stealth+++)
You are mostly covered in sharp spines.
When hurt, damage is shared between your health and your magic reserves.
You regenerate magic rapidly.


Message History

The ragged hierophant burns!
Sif Muna accepts your kill.
You feel a bit more experienced.
You see here a staff of cold.
The saltling closely misses you.
You hit the saltling but do no damage. The saltling misses you.
The saltling hits you!
You hit the saltling but do no damage.
Your spear of Gypnus Hech raves incoherently.
You headbutt the saltling, but do no damage.
You hear a shout! x2; You hear a roar!
You hear a shout!
The saltling is struck by your spines. The saltling hits you!
Casting: Iron Shot (mildly dangerous; 1% risk of failure)
Confirm with . or Enter, or press ? or * to list all spells.
Aiming: Iron Shot (mildly dangerous; 1% risk of failure)
Press: ? - help, Shift-Dir - straight line, f - saltling
Aim: a saltling (salt, moderately damaged, haloed, 94% to hit)
The iron shot hits the saltling!!!
You destroy the saltling!
Sif Muna accepts your kill.
Unknown command.
Unknown command.
You fail to use your ability.
The saltling barely misses you.
You fail to use your ability.
The saltling misses you.
You fail to use your ability.
The saltling completely misses you.
You fail to use your ability.
The saltling closely misses you. The saltling barely misses you.
You fail to use your ability.
The saltling misses you.
Casting: Iron Shot (mildly dangerous; 1% risk of failure)
Confirm with . or Enter, or press ? or * to list all spells.
You don't know that spell.
Unknown command.
The halazid warlock casts a spell at you.
The bolt of negative energy misses you.
The halazid warlock points at the saltling and mumbles some strange words.
The saltling's animating energy erupts into ghostly fire!
The ghostly flame explodes!
The ghostly fireball engulfs you!!!
You feel drained.
Ouch! That really hurt!
You die...

..§..§..................#........
§§§§§............................
§§§§§§.................#§......##
§§§§§§§...........§§..§.§........
§§§§§§§....L......§§§..§.........
§§..§.............§§§§§§......)..
§...§§§.§..♣♣.♣.8..§§§§§§........
......§.§§♣♣♣♣§§...§§§§§.§.......
........♣§.§.§..@§§§§§§§§§§......
......§♣§§§§§♣♣..§§...§..§§......
#.....♣§§§§§§§♣..♣§...§§§§§.§....
......♣§§§§§P§...♣....§§§.§.§§§§§
.......§§§§§...8.♣....§§§.§..§§§§
......♣§§§..§§..♣♣.....§§.§..§§§§
......§..♣...).♣♣........§§§§§§§
........♣..♣♣♣.♣♣..§.....§§§...§
..............§§)..§§....§.§..§§


You could see a halazid warlock.

Vanquished Creatures
  Nikola (Shoals:4)
  Mlioglotl (Shoals:1)
  A titan (Shoals:4)
  Polyphemus (Shoals:2)
  A kraken (Shoals:1)
  Agnes (Lair:2)
  An orc warlord (Orc:1)
  A stone giant (D:14)
  A halazid warlock (Desolation)
  A minotaur (Gauntlet)
  A crystal guardian (Desolation)
  6 ragged hierophants (Desolation)
  A deep elf death mage (Elf:1)
  8 merfolk javelineers
  7 merfolk impalers
  An ettin (Orc:1)
  5 hydras
  4 boulder beetles
  A great orb of eyes (shapeshifter) (Elf:2)
  A radroach (Spider:1)
  A servant of whispers (Desolation)
  2 peacekeepers (Desolation)
  A death knight (D:15)
  2 tengu warriors
  4 catoblepae
  2 satyrs
  7 two-headed ogres
  3 alligator snapping turtles
  7 merfolk aquamancers
  14 death yaks
  2 centaur warriors
  6 dancing weapons (Elf:1)
  A fire crab (shapeshifter) (D:14)
  8 deep elf knights
  2 pharaoh ants (Spider:1)
  An orb spider (Spider:1)
  11 sea snakes
  5 deep elf archers
  Pikel (D:7)
  A wizard (D:14)
  23 harpies
  An ironbound convoker (Desolation)
  10 deep elf zephyrmancers
  A necromancer (D:14)
  2 orc knights
  4 oklob plants (Lair:5)
  10 deep elf pyromancers
  10 ugly things
  10 orc sorcerers
  9 fauns
  5 cyclopes
  16 manticores
  4 black mambas
  Joseph (D:7)
  A moth of wrath (Spider:1)
  7 merfolk sirens
  8 water nymphs
  3 guardian serpents
  A torpor snail (Lair:5)
  Maggie (D:6)
  17 cane toads
  A kobold demonologist (D:14)
  An unseen horror (D:11)
  2 rime drakes
  3 demonic crawlers
  5 komodo dragons
  A freezing wraith (D:15)
  A troll (shapeshifter) (D:14)
  6 trolls
  2 polar bears
  2 wolf spider simulacra (Gauntlet)
  37 merfolk
  12 wind drakes
  21 blink frogs
  A tarantella (shapeshifter) (D:15)
  22 saltlings (Desolation)
  7 dream sheep
  A large abomination (Gauntlet)
  2 tarantellas (Spider:1)
  3 raiju
  13 slime creatures
  7 snapping turtles
  5 jumping spiders (Spider:1)
  2 shadows
  8 air elementals
  A centaur simulacrum (Gauntlet)
  An ettin skeleton (Abyss:2)
  4 small abominations (Gauntlet)
  2 vampires
  7 wyverns
  4 culicivoras (Lair:2)
  6 wraiths
  Grum (D:11)
  61 yaks
  36 water elementals
  8 basilisks
  2 fire elementals (Elf:1)
  4 vampire mosquitoes
  2 steam dragons
  4 redbacks (Spider:1)
  10 wargs
  A hog (shapeshifter) (D:14)
  15 water moccasins
  An acid dragon (D:11)
  25 orc warriors
  An ice beast (D:7)
  4 black bears
  10 ogres
  3 boggarts (D:15)
  15 centaurs
  17 wolves
  2 lemures (D:7)
  3 phantoms
  A gnoll sergeant (D:9)
  15 bullfrogs
  A wyvern skeleton (D:7)
  3 killer bees (D:7)
  20 wights
  An oklob sapling (D:6)
  6 howler monkeys
  An electric eel (Elf:1)
  5 centaur zombies
  A wyvern simulacrum (Gauntlet)
  13 jellies
  2 gnoll shamans
  11 orc priests
  A centaur skeleton (D:5)
  6 hounds
  2 iguanas
  2 lightning spires (Gauntlet)
  38 orc wizards
  A scorpion zombie (D:5)
  A killer bee zombie (D:4)
  A hound skeleton (D:5)
  18 gnolls
  4 river rats (Sewer)
  12 adders
  A howler monkey skeleton (D:5)
  A white imp (D:5)
  An ufetubus (D:7)
  An adder skeleton (D:4)
  A worm (D:3)
  3 dart slugs
  102 orcs
  6 bats
  10 endoplasms
  5 giant cockroaches
  5 goblins
  14 hobgoblins
  8 jackals
  4 quokkas
  11 ball pythons
  9 frilled lizards
  9 kobolds
  45 rats
  3 tentacles (Shoals:1)
1090 creatures vanquished.

Vanquished Creatures (others)
  2 deep elf pyromancers
  A wolf spider (Spider:1)
  A saltling (Desolation)
  14 demonic plants (Gauntlet)
  30 fungi
  2 pillars of salt (Desolation)
  216 plants
  10 tentacles (Shoals:1)
  7 withered plants
283 creatures vanquished.

Grand Total: 1373 creatures vanquished

Notes
Turn   | Place    | Note
-------+----------+-------------------------------------------
     0 | D:1      | rogsnak the Demonspawn Earth Elementalist began the quest
                  | for the Orb.
     0 | D:1      | Reached XP level 1. HP: 13/13 MP: 3/3
   675 | D:1      | Gained mutation: You have a pair of small horns on your
                  | head. [demonic ancestry]
   675 | D:1      | Reached XP level 2. HP: 19/19 MP: 5/5
   950 | D:1      | Got Oxkiguc's Collected Works on the Igneous Entourage
  1427 | D:2      | Found a faded altar of an unknown god.
  1476 | D:2      | Reached XP level 3. HP: 23/24 MP: 6/6
  1746 | D:2      | Learned a level 3 spell: Stone Arrow
  1750 | D:2      | Learned a level 3 spell: Mephitic Cloud
  2608 | D:3      | Found a glowing drain.
  2636 | D:3      | Gained mutation: You regenerate magic rapidly. [demonic
                  | ancestry]
  2636 | D:3      | Reached XP level 4. HP: 29/31 MP: 7/7
  2819 | Sewer    | Entered a sewer
  3014 | Sewer    | Reached skill level 1 in Conjurations
  3249 | Sewer    | Gained mutation: You have a pair of horns on your head.
                  | [demonic ancestry]
  3249 | Sewer    | Reached XP level 5. HP: 26/36 MP: 5/9
  3371 | Sewer    | Reached skill level 1 in Fighting
  3762 | Sewer    | Reached skill level 2 in Conjurations
  3762 | Sewer    | Reached XP level 6. HP: 10/44 MP: 2/10
  4628 | D:3      | Found a shadowy altar of Dithmenos.
  5285 | D:4      | HP: 1/44 [orc priest/nerve-wracking pain (12)]
  6003 | D:4      | Gained mutation: You have a somewhat thin skeletal
                  | structure. (Dex +2, Stealth+) [demonic ancestry]
  6003 | D:4      | Reached XP level 7. HP: 36/51 MP: 3/12
  6186 | D:4      | Found a runed translucent door.
  6186 | D:4      | Noticed testman's ghost (amateur OgHu)
  6716 | D:5      | Entered Level 5 of the Dungeon
  6772 | D:5      | Reached skill level 3 in Conjurations
  6945 | D:5      | Found Begiugi's Assorted Antiques.
  7289 | D:5      | Found a runed translucent door.
  7467 | D:5      | Reached skill level 4 in Conjurations
  7467 | D:5      | Gained mutation: You have a pair of large horns on your
                  | head. [demonic ancestry]
  7467 | D:5      | Reached XP level 8. HP: 28/58 MP: 5/14
  7731 | D:5      | Reached skill level 5 in Earth Magic
  7923 | D:5      | Reached skill level 5 in Conjurations
  8345 | D:6      | Reached skill level 5 in Spellcasting
  9034 | D:6      | Reached XP level 9. HP: 57/63 MP: 8/17
  9100 | D:6      | Reached skill level 6 in Conjurations
  9339 | D:6      | Found a hazy altar of Hepliaklqana.
  9468 | D:6      | Found a staircase to the Ecumenical Temple.
  9636 | Temple   | Entered the Ecumenical Temple
  9655 | Temple   | Became a worshipper of Sif Muna the Loreminder
  9766 | D:6      | Noticed Maggie
  9807 | D:6      | Killed Maggie
 10080 | D:6      | Reached skill level 7 in Conjurations
 10301 | D:6      | Found an ornate altar of the Wu Jian Council.
 10397 | D:7      | Noticed Joseph
 10558 | D:7      | Noticed Pikel
 10559 | D:7      | Found a flagged portal.
 10619 | D:7      | Killed Pikel
 10620 | D:7      | Reached skill level 5 in Dodging
 10650 | Bailey   | Entered a bailey
 10666 | Bailey   | Reached skill level 8 in Conjurations
 11148 | Bailey   | Gained mutation: You have a moderately thin skeletal
                  | structure. (Dex +4, Stealth++) [demonic ancestry]
 11148 | Bailey   | Reached XP level 10. HP: 46/70 MP: 10/19
 11467 | Bailey   | Reached * piety under Sif Muna
 11588 | Bailey   | Noticed an orc knight
 11968 | Bailey   | Killed an orc knight
 11969 | Bailey   | Reached skill level 9 in Conjurations
 12188 | D:7      | Found an iron altar of Okawaru.
 12189 | D:7      | Found a bloodstained altar of Trog.
 12501 | D:7      | Noticed a boulder beetle
 12501 | D:7      | Noticed a cyclops
 12535 | D:7      | Killed Joseph
 12950 | D:7      | Noticed a cyclops
 13006 | D:7      | Noticed a two-headed ogre
 13580 | D:8      | Reached skill level 10 in Conjurations
 13655 | D:8      | Found an ancient bone altar of Kikubaaqudgha.
 13835 | D:8      | Reached ** piety under Sif Muna
 13987 | D:9      | Noticed a two-headed ogre
 14370 | D:9      | Found a burning altar of Makhleb.
 14494 | D:9      | Found a staircase to the Orcish Mines.
 14582 | D:9      | Gained mutation: You are partially covered in sharp spines.
                  | [demonic ancestry]
 14582 | D:9      | Reached XP level 11. HP: 64/75 MP: 6/22
 14813 | D:9      | Killed a two-headed ogre
 14817 | D:9      | Reached skill level 1 in Armour
 14963 | D:10     | Entered Level 10 of the Dungeon
 15129 | D:10     | Found a staircase to the Lair.
 15158 | D:10     | Reached skill level 11 in Conjurations
 15205 | D:10     | Identified the +8 spear of Gypnus Hech {venom, *Noise rElec
                  | MP+9 Dex+5}
 15417 | D:10     | Found Lazxuebb's Magic Scroll Shoppe.
 15460 | D:10     | Found a portal to a secret trove of treasure.
 15627 | D:10     | Noticed a two-headed ogre
 15632 | D:10     | Killed a two-headed ogre
 15632 | D:10     | Reached *** piety under Sif Muna
 16023 | D:11     | Noticed a two-headed ogre
 16027 | D:11     | Noticed Grum
 16234 | D:11     | Reached skill level 12 in Conjurations
 16533 | D:11     | Killed a two-headed ogre
 16621 | D:11     | Noticed a two-headed ogre
 16625 | D:11     | Killed a two-headed ogre
 16626 | D:11     | Reached XP level 12. HP: 83/83 MP: 25/25
 16675 | D:11     | Killed Grum
 16933 | D:10     | Acquired a staff of conjuration
 16945 | D:10     | Acquired 773 gold pieces
 17339 | D:12     | Noticed a centaur warrior
 17343 | D:12     | Killed a centaur warrior
 17917 | D:12     | Reached skill level 1 in Shields
 18340 | D:13     | Reached skill level 13 in Conjurations
 18536 | D:13     | Learned a level 4 spell: Sticky Flame
 18674 | D:13     | Noticed a two-headed ogre
 18858 | D:13     | Killed a two-headed ogre
 19009 | D:13     | Noticed a five-headed hydra
 19106 | D:13     | Killed a five-headed hydra
 19107 | D:13     | Reached skill level 10 in Spellcasting
 19267 | D:13     | Reached **** piety under Sif Muna
 19549 | D:14     | Found a gate leading to a gauntlet.
 19550 | D:14     | Noticed a boulder beetle
 19560 | D:14     | Killed a boulder beetle
 19590 | Gauntlet | Entered a Gauntlet
 19590 | Gauntlet | Found a transporter.
 19600 | Gauntlet | Found a transporter.
 19602 | Gauntlet | Found a transporter.
 19602 | Gauntlet | Found a transporter.
 19617 | Gauntlet | Found a transporter.
 19632 | Gauntlet | Found a transporter.
 19637 | Gauntlet | Found a transporter.
 19643 | Gauntlet | Noticed a death scarab
 19652 | Gauntlet | Found a transporter.
 19653 | Gauntlet | Noticed a death scarab
 19671 | Gauntlet | Found a transporter.
 19673 | Gauntlet | Found the ring of the Hare {EV+8}
 19683 | Gauntlet | Found a transporter.
 19691 | Gauntlet | Found a large runed translucent door.
 19692 | Gauntlet | Found a large runed translucent door.
 19693 | Gauntlet | Found a large runed translucent door.
 19693 | Gauntlet | Found a large runed translucent door.
 19694 | Gauntlet | Found a runed translucent gate.
 19695 | Gauntlet | Found a transporter.
 19695 | Gauntlet | Found a runed translucent gate.
 19696 | Gauntlet | Found a runed translucent gate.
 19697 | Gauntlet | Found a large runed translucent door.
 19697 | Gauntlet | Found a large runed translucent door.
 19698 | Gauntlet | Found a large runed translucent door.
 19699 | Gauntlet | Found a large runed translucent door.
 19707 | Gauntlet | Found a transporter.
 19708 | Gauntlet | Noticed a hell hog
 19710 | Gauntlet | Found a large runed translucent door.
 19710 | Gauntlet | Found a large runed translucent door.
 19710 | Gauntlet | Found a runed translucent door.
 19710 | Gauntlet | Found a runed translucent door.
 19711 | Gauntlet | Found a large runed translucent door.
 19712 | Gauntlet | Found a large runed translucent door.
 19714 | Gauntlet | Found a transporter.
 19714 | Gauntlet | Found a transporter.
 19726 | Gauntlet | Noticed a death scarab
 19730 | Gauntlet | Found a transporter.
 19736 | Gauntlet | Noticed a death scarab
 19753 | Gauntlet | Found a transporter.
 19772 | Gauntlet | Found a transporter.
 19801 | Gauntlet | Found a transporter.
 19805 | Gauntlet | Found a large runed translucent door.
 19806 | Gauntlet | Found a large runed translucent door.
 19829 | Gauntlet | Reached skill level 1 in Air Magic
 19909 | Gauntlet | Found a large runed translucent door.
 19909 | Gauntlet | Found a large runed translucent door.
 19967 | Gauntlet | Reached skill level 10 in Earth Magic
 20064 | Gauntlet | Reached skill level 14 in Conjurations
 20134 | Gauntlet | Reached XP level 13. HP: 87/88 MP: 26/27
 20161 | Gauntlet | Identified the ring "Gikilul" {rN+ Str+6}
 20175 | Gauntlet | Noticed a minotaur
 20183 | Gauntlet | Killed a minotaur
 20231 | Gauntlet | Identified the +0 pair of gloves "Conk" {rElec rC+ Will+}
 20455 | D:14     | Identified the +7 trident of Wutz {vorpal, Str+7}
 20458 | D:14     | Found a gate to the Vaults.
 20983 | D:14     | Reached skill level 1 in Fire Magic
 21480 | D:15     | Entered Level 15 of the Dungeon
 21824 | D:15     | Found a stormy altar of Qazlal.
 22016 | D:15     | Noticed a stone giant
 22023 | D:14     | HP: 3/88 [stone giant (22)]
 22138 | D:15     | Reached skill level 15 in Conjurations
 22183 | D:15     | Upgraded the game from 0.29-a0-22-gbf593b16ee to
                  | 0.29-a0-23-ga79f92ac9c
 22237 | D:14     | Killed a stone giant
 23030 | D:15     | Found a staircase to the Depths.
 23217 | Orc:1    | Entered Level 1 of the Orcish Mines
 23312 | Orc:1    | Reached ***** piety under Sif Muna
 23312 | Orc:1    | Received a gift from Sif Muna
 23596 | Orc:2    | Entered Level 2 of the Orcish Mines
 23596 | Orc:2    | Noticed an orc warlord
 23604 | Orc:2    | Gained mutation: When hurt, damage is shared between your
                  | health and your magic reserves. [demonic ancestry]
 23604 | Orc:2    | Reached XP level 14. HP: 96/96 MP: 24/29
 23654 | Lair:1   | Entered Level 1 of the Lair of Beasts
 23909 | Orc:1    | Killed an orc warlord
 24894 | Orc:2    | Found a staircase to the Elven Halls.
 25094 | Orc:2    | Received a gift from Sif Muna
 25108 | Orc:2    | Got Zyqihahi's Reference Book on Flight and the Glacier
                  | {god gift}
 25115 | Orc:2    | Learned a level 5 spell: Freezing Cloud
 25655 | Orc:2    | Found Enunaag's Assorted Antiques.
 25655 | Orc:2    | Found Vaber's General Store.
 25659 | Orc:2    | Reached skill level 16 in Conjurations
 25959 | Orc:2    | Found Valegg's Jewellery Emporium.
 25959 | Orc:2    | Found Qeechul's Weapon Shop.
 26188 | Orc:2    | Bought a scroll of acquirement for 1872 gold pieces
 26459 | Lair:1   | Acquired 722 gold pieces
 27289 | Lair:2   | Found a staircase to the Shoals.
 27502 | Lair:2   | Found a hole to the Spider Nest.
 29129 | Lair:4   | Received a gift from Sif Muna
 29132 | Lair:4   | Got Sif Muna's Volume of Attacks {god gift}
 29138 | Lair:4   | Learned a level 4 spell: Flame Wave
 30455 | Lair:5   | Gained mutation: You are mostly covered in sharp spines.
                  | [demonic ancestry]
 30455 | Lair:5   | Reached XP level 15. HP: 94/101 MP: 17/31
 30642 | Lair:5   | Received a gift from Sif Muna
 30643 | Lair:5   | Got Sommiol's Compendium of Combat Magic {god gift}
 30651 | Lair:5   | Learned a level 6 spell: Iron Shot
 30675 | Lair:5   | Found a staircase to the Slime Pits.
 31597 | Lair:5   | Reached skill level 17 in Conjurations
 31716 | Lair:6   | Entered Level 6 of the Lair of Beasts
 31817 | Lair:6   | Reached skill level 5 in Air Magic
 32827 | Lair:6   | Received a gift from Sif Muna
 33337 | Spider:1 | Entered Level 1 of the Spider Nest
 33394 | Spider:1 | Noticed Agnes
 33488 | Shoals:1 | Entered Level 1 of the Shoals
 34239 | Shoals:1 | Got the Disquisition on Conjuration
 34380 | Shoals:1 | Noticed a kraken
 34533 | Shoals:1 | Killed a kraken
 34760 | Shoals:1 | Reached skill level 5 in Armour
 35068 | Shoals:1 | Noticed Mlioglotl
 35080 | Shoals:1 | Killed Mlioglotl
 35705 | Shoals:2 | Noticed Polyphemus
 36012 | Shoals:2 | Killed Polyphemus
 36285 | Shoals:2 | Gained mutation: You have an unnaturally thin skeletal
                  | structure. (Dex +6, Stealth+++) [demonic ancestry]
 36285 | Shoals:2 | Reached XP level 16. HP: 108/108 MP: 25/33
 37227 | Shoals:2 | Received a gift from Sif Muna
 37280 | Shoals:2 | Learned a level 2 spell: Blink
 37387 | Shoals:3 | Reached skill level 18 in Conjurations
 39006 | Shoals:3 | Cast into level 2 of the Abyss (merfolk impaler)
 39072 | Abyss:2  | Learned a level 3 spell: Swiftness
 39176 | Shoals:3 | Escaped the Abyss
 39413 | Shoals:4 | Entered Level 4 of the Shoals
 40072 | Shoals:4 | Noticed Nikola
 40080 | Shoals:4 | Killed Nikola
 40399 | Shoals:4 | Received a gift from Sif Muna
 40402 | Shoals:4 | Got Sif Muna's Reference Book on Hurtful Evil Magic {god
                  | gift}
 40448 | Shoals:4 | Identified the +5 falchion of Watchfulness {protect, rF++
                  | Int+3}
 40448 | Shoals:4 | Identified the ring "Qekocho" {MP+9 Str+3 Dex+9 Slay-4}
 41242 | Shoals:4 | Reached XP level 17. HP: 113/113 MP: 35/35
 41443 | Shoals:4 | Reached skill level 5 in Fighting
 41499 | Shoals:4 | Upgraded the game from 0.29-a0-23-ga79f92ac9c to
                  | 0.29-a0-25-g7f48f510a0
 41513 | Shoals:4 | Paralysed by an air elemental for 1 turns
 41627 | Shoals:4 | Paralysed by an air elemental for 1 turns
 41845 | Shoals:4 | Noticed a titan
 41851 | Shoals:4 | Killed a titan
 42138 | Shoals:4 | Acquired the ring "Tugrooso" {EV+4 Int+3 Slay+2}
 42152 | Shoals:4 | Upgraded the game from 0.29-a0-25-g7f48f510a0 to
                  | 0.29-a0-43-g62a80824bf
 42175 | Shoals:4 | Got the Guide on Excruciating Evil Rites
 42178 | Shoals:4 | Got a barnacled rune of Zot
 42472 | Lair:2   | Killed Agnes
 42701 | Spider:1 | Reached skill level 19 in Conjurations
 42712 | Spider:1 | HP: 2/107 [wolf spider (7)]
 42922 | Elf:1    | Entered Level 1 of the Elven Halls
 42971 | Elf:1    | Found a radiant altar of Vehumet.
 42977 | Elf:1    | Reached skill level 15 in Spellcasting
 43016 | Elf:1    | Found a flickering gateway to a bazaar.
 43066 | Bazaar   | Entered a bazaar
 43135 | Bazaar   | Found Wonalyru's Book Shop.
 43152 | Bazaar   | Found Nute's Assorted Antiques.
 43168 | Bazaar   | Found Yleb Joim's Assorted Antiques.
 43186 | Bazaar   | Found Guleecugei's Assorted Antiques.
 43230 | Bazaar   | Bought a faintly humming robe for 74 gold pieces
 43230 | Bazaar   | Identified the +2 robe of Ru's Inspiration {rF+} (You
                  | bought it in a shop in a bazaar)
 43230 | Bazaar   | Bought 2 potions of magic for 208 gold pieces
 43247 | Bazaar   | Bought a scroll labelled JUWKUF DOUTZ for 22 gold pieces
 43452 | Elf:1    | Received a gift from Sif Muna
 43453 | Elf:1    | Got Soegy's Compendium of the Venomous Oath {god gift}
 43535 | Elf:1    | Found Pudwes's Book Shoppe.
 43537 | Elf:1    | Found Tevvuo's Jewellery Boutique.
 43549 | Elf:1    | Found Udeaxegh's Book Shoppe.
 43741 | Elf:1    | Reached skill level 1 in Translocations
 43987 | Elf:1    | Identified the +0 leather armour of the Orb {Rampage +Inv
                  | Str-3 SInv}
 44768 | Elf:2    | Found a crumbling gateway.
 44793 | Elf:2    | Upgraded the game from 0.29-a0-43-g62a80824bf to
                  | 0.29-a0-72-g1732ff48e7
 44830 | Desolati | Entered the Desolation of Salt
 45568 | Desolati | Received a gift from Sif Muna
 45692 | Desolati | Got the Reference Book on the Poisonous Volcanoes
 45921 | Desolati | Killed from afar by a halazid warlock

Illustrated notes

Levels and vault maps discovered:
D:1:      grunt_arrival_crossed_arrows, layout_basic, minmay_misc_feat_x
D:2:      layout_basic, shapermc_ecumenical_altar_ellora
D:3:      layout_loops_corners, nicolae_dithmenos_through_a_glass_darkly,
          gup_sewer_entry_glass, serial_bayou_pond_a
D:4:      layout_cave_pools, gammafunk_ghost_grave, kennysheep_diamond
D:5:      nicolae_BIG_FREAKIN_CUBE, layout_rooms, serial_shops,
          nicolae_shop_hallway_plus, lightli_church_of_beogh
D:6:      layout_loops_corners, pdpol_wu_jian_five_deadly_venoms,
          lemuel_round_altar, minmay_temple_entry_oklob, uniq_maggie
D:7:      layout_basic, grunt_temple_overflow_bloody_war, enter_bailey_6,
          minmay_shattered_shrine, uniq_pikel, uniq_joseph
D:8:      layout_gridville, old_standard_altar, serial_bayou_lagoon_a
D:9:      layout_gridville, mainiacjoe_overflow_catwalk, orc_0_dummy,
          chequers_serial_rivers_micro_c
D:10:     layout_irregular_city, minmay_lair_entry_grove, serial_shops,
          nicolae_shop_hallway_plus, nicolae_trove_entry_isolated
D:11:     layout_cave_pools, hangedman_decor_opposing, uniq_grum
D:12:     layout_loops_corners
D:13:     layout_gridville, nrook_guardian_serpent_ordinary
D:14:     layout_cave_pods, david_vaults_1, gauntlet_entry_generic,
          serial_park_square3 [serial_park_minivault_5x5_5]
D:15:     grunt_enter_depths_snipers, layout_irregular_city,
          nicolae_qazlal_general_emergency
Temple:   regret_index_temple_waves
Lair:1:   layout_concentric_octagons, beast_lair_carwin_2,
          infiniplex_staircase_pool, serial_bayou_shore_b
Lair:2:   layout_long_grid, elwin_shoals_entry_rocks,
          hellmonk_spider_entry_life_and_decay, beast_lair_carwin_7,
          lemuel_fruit_fields
Lair:3:   layout_regular_city
Lair:4:   layout_cellular_growth, beast_lair_carwin_11, grunt_megastairs_1
Lair:5:   minmay_lair_oklob_tunnel, layout_regular_city,
          minmay_slime_entry_jelly_boxes, kennysheep_basilisk_garden
Lair:6:   evilmike_catoblepas_cave, layout_gridlike
Shoals:1: layout_shoals, nicolae_shoals_square_sea_wall, uniq_mlioglotl
Shoals:2: layout_shoals, uniq_polyphemus
Shoals:3: layout_shoals
Shoals:4: shoals_end_hellmonk_storm_palace [storm_palace_center_circular,
          storm_palace_corner_narrow, storm_palace_corner_grid,
          storm_palace_corner_blocked, storm_palace_corner_pillars], uniq_nikola
Spider:1: layout_spider_delve, uniq_agnes, uniq_josephine
Orc:1:    layout_caves, mines5_lemuel
Orc:2:    st_orc_town, layout_caves
Elf:1:    eino_elf_arrival_altar, layout_gridlike, serial_shops,
          bzr_entry_lakeside, evilmike_minifort, lemuel_upstairs_altar,
          minmay_shop_grove
Elf:2:    nicolae_elf_blades_crystal_corner, layout_geoelf_octagon,
          portal_desolation_entry_ruin
Desolation

Skill      XL: |  1  2  3  4  5  6  7  8  9 10 11 12 13 14 15 16 17 |
---------------+----------------------------------------------------+-----
Dodging        | 2 3 4 5 6 |  6.5
Earth Magic    | 3 4 6 8 9 10 11 12 13 | 13.4
Conjurations   | 1 2 4 5 8 10 12 14 15 16 17 18 19 | 19.5
Fighting       | 1 2 3 4 5 |  5.1
Spellcasting   | 3 4 5 6 7 9 10 11 12 13 14 15 | 15.5
Armour         | 2 3 4 5 |  5.9
Shields        | 1 2 |  2.3
Air Magic      | 1 2 4 7 8 9 |  9.8
Fire Magic     | 2 3 4 |  4.2
Translocations | 1 |  1.2
Stealth        | |  1.7
Transmutations | |  0.8

Action                   |  1- 3 |  4- 6 |  7- 9 | 10-12 | 13-15 | 16-18 || total
-------------------------+-------+-------+-------+-------+-------+-------++-------
Melee: Quarterstaff      |    24 |       |       |     6 |       |       ||    30
       Short sword       |     7 |       |       |       |       |       ||     7
       Unarmed           |     5 |       |       |       |       |       ||     5
       Punch             |     2 |     1 |     3 |     2 |       |       ||     8
       Dagger            |    78 |   217 |    80 |     9 |       |       ||   384
       Headbutt          |    12 |    44 |    17 |    12 |    49 |    15 ||   149
       Falchion          |       |     4 |     2 |       |       |       ||     6
       Spear             |       |       |       |    29 |   120 |    32 ||   181
Throw: Stone             |       |       |     1 |     3 |     1 |       ||     5
       Dart              |       |       |       |       |       |     1 ||     1
 Cast: Sandblast         |     4 |    15 |       |       |       |       ||    19
       Stone Arrow       |       |    13 |   142 |   349 |   598 |   171 ||  1273
       Mephitic Cloud    |       |       |     7 |    10 |    69 |    10 ||    96
       Sticky Flame      |       |       |       |    16 |   107 |    32 ||   155
       Freezing Cloud    |       |       |       |       |    70 |   126 ||   196
       Iron Shot         |       |       |       |       |    31 |   167 ||   198
       Flame Wave        |       |       |       |       |     1 |       ||     1
       Blink             |       |       |       |       |       |     9 ||     9
  Use: Scroll            |       |       |       |    16 |     8 |    16 ||    40
       Potion            |       |       |       |     1 |     1 |     2 ||     4
 Stab: Sleeping          |     6 |     3 |       |     1 |     1 |       ||    11
       Confused          |       |       |     2 |     1 |     6 |     1 ||    10
       Distracted        |       |       |     1 |       |       |       ||     1
Armor: Robe              |    15 |    29 |     6 |       |       |       ||    50
       Troll leather arm |       |       |       |    14 |    51 |    37 ||   102
       Swamp dragon scal |       |       |       |       |    50 |    28 ||    78
Dodge: Dodged            |    69 |   167 |    78 |    97 |   196 |   245 ||   852
Block: Other             |       |       |       |    31 |       |       ||    31
       Reflection        |       |       |       |     7 |     9 |    12 ||    28
       Orb               |       |       |       |       |    69 |    56 ||   125

Table legend: (Time is in decaauts)
 A = Elapsed time spent in this place.
 B = Non-inter-level travel time spent in this place.
 C = Inter-level travel time spent in this place.
 D = Time resting spent in this place.
 E = Time spent auto-exploring this place.
 F = Levels seen in this place.
 G = Mean time per level.
                   A        B        C        D        E       F      G
               +--------+--------+--------+--------+--------+-----+--------+
         Total |  46440 |  45137 |   1303 |  15611 |  12805 |  37 | 1255.1 |
       Dungeon |  20278 |  19699 |    579 |   5986 |   6555 |  15 | 1351.9 |
        Temple |     38 |     38 |      0 |      0 |      7 |   1 |   38.0 |
          Lair |   7684 |   7354 |    330 |   1371 |   4487 |   6 | 1280.7 |
        Shoals |   9109 |   8911 |    198 |   5206 |    227 |   4 | 2277.2 |
   Spider Nest |     66 |     66 |      0 |      0 |      0 |   1 |   66.0 |
  Orcish Mines |   2752 |   2622 |    130 |    733 |    721 |   2 | 1376.0 |
   Elven Halls |   1690 |   1628 |     62 |    325 |    582 |   2 |  845.0 |
         Abyss |    169 |    169 |      0 |     63 |      0 |   1 |  169.0 |
        Bazaar |    229 |    229 |      0 |      0 |    125 |   1 |  229.0 |
         Sewer |   1304 |   1304 |      0 |    710 |      0 |   1 | 1304.0 |
        Bailey |   1376 |   1376 |      0 |    794 |    100 |   1 | 1376.0 |
    Desolation |   1092 |   1092 |      0 |    297 |      0 |   1 | 1092.0 |
      Gauntlet |    645 |    645 |      0 |    126 |      0 |   1 |  645.0 |
               +--------+--------+--------+--------+--------+-----+--------+

Top non-repeatable levels by time:
Shoals:4: 2644 daAuts
Shoals:1: 2366 daAuts
Shoals:2: 2163 daAuts
Shoals:3: 1934 daAuts
   Orc:2: 1906 daAuts
     D:6: 1822 daAuts
     D:5: 1721 daAuts
    D:10: 1705 daAuts
    D:14: 1704 daAuts
     D:3: 1688 daAuts
  Lair:5: 1655 daAuts
  Lair:6: 1567 daAuts
   Elf:1: 1517 daAuts
  Lair:2: 1480 daAuts
    D:13: 1440 daAuts
